 Dungeon Crawl Stone Soup version 0.22-a0-252-gcace5d2 (webtiles) character file.

378 Amnesiac the Nimble (level 6, -6/32 HPs)
             Began as a Spriggan Fighter on Mar 2, 2018.
             Killed from afar by an orc wizard (12 damage)
             ... with a magic dart
             ... on level 4 of the Dungeon.
             The game lasted 00:04:49 (4717 turns).

Amnesiac the Nimble (Spriggan Fighter)              Turns: 4717, Time: 00:04:50

Health: -6/32      AC:  2    Str: 14    XL:     6   Next: 45%
Magic:  7/7        EV: 23    Int: 10    God:
Gold:   256        SH:  6    Dex: 15    Spells: 5/5 levels left

rFire    . . .     SeeInvis +   a - +0 long sword
rCold    . . .     Gourm    .   c - +0 buckler
rNeg     . . .     Faith    .   b - +0 robe
rPois    .         Spirit   .   (helmet restricted)
rElec    .         Reflect  .   (no cloak)
rCorr    .         Harm     .   (gloves unavailable)
MR       +....                  (boots unavailable)
Stlth    +.........             (no amulet)
HPRegen  0.10/turn              (no ring)
MPRegen  0.10/turn              (no ring)

@: very quick
A: very small, unfitting armour, antennae 1, see invisible, herbivore, speed 3,
high mp 1, slow metabolism 2
a: no special abilities


You were on level 4 of the Dungeon.
You were hungry.

You visited 1 branch of the dungeon, and saw 5 of its levels.

You collected 256 gold pieces.

Inventory:

Hand Weapons
 a - a +0 long sword (weapon)
 e - a +0 dagger of flaming
Missiles
 l - 77 stones (quivered)
 r - 30 poisoned needles
 x - 32 sling bullets
Armour
 b - a +0 robe (worn)
 c - a +0 buckler (worn)
Jewellery
 q - an uncursed ring of poison resistance {unknown}
 t - an uncursed ring of positive energy {unknown}
Scrolls
 h - 5 scrolls of identify {!r, unknown}
 i - 2 scrolls of remove curse {!r, unknown}
 m - 2 scrolls of teleportation {!r, unknown}
 n - a scroll of amnesia {!r, unknown}
 s - 2 scrolls of enchant weapon {!r, unknown}
 u - 2 scrolls of immolation {!r, unknown}
 y - a scroll of blinking {!r, unknown}
 z - a scroll of fog {!r, unknown}
 C - a scroll of noise {!r, unknown}
 D - a scroll of random uselessness {!r, unknown}
Potions
 d - a potion of might {!q}
 g - a potion of mutation {!q}
 j - a potion of degeneration {!q, unknown}
 k - a potion of brilliance {!q, unknown}
 o - a potion of agility {!q, unknown}
 p - 3 potions of flight {!q, unknown}
 v - a potion of heal wounds {!q, unknown}
 w - a potion of magic {!q, unknown}
 A - a potion of invisibility {!q, unknown}
 B - a potion of cancellation {!q, unknown}
Comestibles
 f - 10 rations


   Skills:
 - Level 2.4 Fighting
 - Level 2.0 Long Blades
 * Level 8.9 Dodging
 + Level 3.5 Shields


You had 5 spell levels left.
You didn't know any spells.

Dungeon Overview and Level Annotations

Branches:
Dungeon (5/15)
 Temple: D:4-7

Altars:
Dithmenos
Elyvilon
Ru
Yredelemnul
Zin

Annotations:
D:3 1 runed door


Innate Abilities, Weirdness & Mutations

You are very small and have problems with some larger weapons.
You are too small for most types of armour.
You have supernaturally acute eyesight. (SInv)
You are a herbivore.
You cover ground extremely quickly.
You need consume almost no food.
You have a pair of small antennae on your head.
You have an increased reservoir of magic. (+10% MP)


Message History

You barely miss the orc wizard.
The orc shouts!
The orc wizard completely misses you.
You riposte.
An orc comes into view. It is wielding a club.
The orc shouts!
You hit the orc wizard but do no damage.
The orc moves out of view.
You barely miss the orc wizard. You block the orc wizard's attack.
The orc wizard misses you.
You closely miss the orc wizard. The orc wizard misses you.
You hit the orc wizard but do no damage.
The orc wizard misses you. You block the orc's attack.
You hit the orc wizard.
The orc wizard is lightly wounded.
You barely miss the orc wizard.
The orc wizard is lightly wounded.
The orc completely misses you. The orc wizard misses you.
You miss the orc wizard.
The orc wizard is lightly wounded.
The orc barely misses you.
You riposte.
You hit the orc.
The orc is heavily wounded.
The orc wizard closely misses you. You block the orc's attack.
You closely miss the orc.
The orc is heavily wounded.
The orc wizard hits you with a dagger. The orc completely misses you.
You closely miss the orc.
The orc is heavily wounded.
You block the orc wizard's attack. You block the orc's attack.
You closely miss the orc.
The orc is heavily wounded.
The orc closely misses you. The orc wizard hits you with a dagger.
The orc barely misses you. The orc closely misses you.
You riposte.
You barely miss the orc.
The orc is heavily wounded.
You hit the orc.
The orc is severely wounded.
The orc wizard gestures at you while chanting.
The puff of flame hits you!
* * * LOW HITPOINT WARNING * * *
The orc barely misses you. You block the orc's attack.
The orc wizard closely misses you.
You riposte.
You hit the orc wizard.
The orc wizard is moderately wounded.
You closely miss the orc.
The orc is severely wounded.
You block the orc's attack. The orc barely misses you.
You riposte.
You barely miss the orc. The orc wizard misses you.
You closely miss the orc.
The orc is severely wounded.
The orc closely misses you. The orc completely misses you.
You riposte.
You slash the orc!
You kill the orc!
The orc wizard hits you with a dagger.
* * * LOW HITPOINT WARNING * * *
The orc hits you with a dagger.
* * * LOW HITPOINT WARNING * * *
Unknown command.
The orc wizard completely misses you.
Things that are here:
a club; an orc corpse Unknown command.
You block the orc's attack.
The orc wizard gestures at you while chanting.
The magic dart hits you!
You die...

#..# #...# #..# # #...# #..# .#
##...# #..# ..# #....## #..###
#..## #.....# #....#######....#
......# #..............##
......# #@...............
..>...# ##................
......### ##.o...............
....S...######o.####...........o
......a..##..a.## ##.....##....
..........#....# ##....# #...
.....#.........# #...## ...
...###......#..# ###..## ..
....#......).#.# #...##


You could see a worker ant, an orc wizard and an orc.

Vanquished Creatures
  A crimson imp (D:3)
  A hound (D:4)
  A human skeleton (D:3)
  An orc wizard (D:2)
  3 worker ants
  A hound zombie (D:5)
  7 adders
  3 oozes
  2 worms
  A dart slug (D:1)
  3 leopard geckos
  5 orcs
  3 giant cockroaches
  8 goblins
  16 hobgoblins
  7 jackals
  6 kobolds
  A quokka (D:2)
  A ball python (D:4)
  4 bats
  8 frilled lizards
  A goblin skeleton (D:3)
  4 rats
88 creatures vanquished.

Notes
Turn   | Place    | Note
-------+----------+-------------------------------------------
     0 | D:1      | Amnesiac the Spriggan Fighter began the quest for the Orb.
     0 | D:1      | Reached XP level 1. HP: 11/11 MP: 2/2
   653 | D:1      | Reached XP level 2. HP: 12/16 MP: 3/3
   846 | D:1      | Reached skill level 5 in Dodging
  1256 | D:1      | Reached XP level 3. HP: 19/19 MP: 4/4
  1588 | D:2      | Found a sacrificial altar of Ru.
  1618 | D:2      | Reached skill level 6 in Dodging
  1645 | D:2      | Found a shadowy altar of Dithmenos.
  1753 | D:2      | Reached XP level 4. HP: 10/23 MP: 5/5
  2211 | D:3      | Gained mutation: You have an increased reservoir of magic. (+10% MP) [potion of mutation]
  2211 | D:3      | Gained mutation: You have a pair of small antennae on your head. [potion of mutation]
  2763 | D:3      | Reached skill level 7 in Dodging
  2763 | D:3      | Reached XP level 5. HP: 6/27 MP: 6/6
  3220 | D:3      | Found a runed door.
  3220 | D:3      | Noticed a human
  3397 | D:3      | Found a basalt altar of Yredelemnul.
  3498 | D:4      | Reached skill level 8 in Dodging
  3736 | D:4      | Found a glowing silver altar of Zin.
  3941 | D:4      | Reached XP level 6. HP: 27/32 MP: 7/7
  4041 | D:5      | Entered Level 5 of the Dungeon
  4565 | D:5      | Found a white marble altar of Elyvilon.
  4717 | D:4      | Killed from afar by an orc wizard

Vault maps used:
D:1:      dpeg_chamrin_arrival_tetris
D:2:      grunt_dithmenos_smoke_and_mirrors, overflow_temple_1_default,
          first_ration, minmay_misc_feat_alley, kennysheep_decorative_pillar
D:3:      minmay_misc_feat_rows, minmay_misc_feat_ornament,
          serial_park_tiny_pond, dk_yredelemnul_ordeal
D:4:      lemuel_crystal_altar
D:5:      elyvilon_altar_5, tso_altar

Skill      XL: |  1  2  3  4  5 |
---------------+----------------+-----
Long Blades    | 2 |  2.0
Dodging        | 5 6 7 8 |  8.9
Shields        | 3 |  3.5
Fighting       | |  2.4

Action                   |  1- 3 |  4- 6 || total
-------------------------+-------+-------++-------
Melee: Long sword        |   123 |   252 ||   375
  Use: Potion            |       |     2 ||     2
 Stab: Sleeping          |     2 |     1 ||     3
       Distracted        |       |     1 ||     1
  Eat: Ration            |       |     1 ||     1
Armor: Robe              |     4 |    12 ||    16
Dodge: Dodged            |    96 |   206 ||   302
Block: Buckler           |    40 |    92 ||   132
       Rpst.: Long sword |    24 |    56 ||    80

Table legend:
 A = Spawn XP
 B = Non-spawn XP
 C = Spawn XP percentage of total XP
 D = Spawn monster count
 E = Non-spawn monster count
 F = Spawn count percentage of total count
 G = Total turns spent on level
                    A         B        C        D         E        F      G
               +---------+---------+-------+---------+---------+-------+---------
         Total |       0 |     540 |   0.0 |       0 |      88 |   0.0 |  4717
               +---------+---------+-------+---------+---------+-------+---------
           D:1 |       0 |      45 |   0.0 |       0 |      23 |   0.0 |  1408
           D:2 |       0 |     105 |   0.0 |       0 |      23 |   0.0 |  1112
           D:3 |       0 |     157 |   0.0 |       0 |      28 |   0.0 |   966
           D:4 |       0 |     121 |   0.0 |       0 |       9 |   0.0 |   690
           D:5 |       0 |     112 |   0.0 |       0 |       5 |   0.0 |   541
               +---------+---------+-------+---------+---------+-------+---------
